 Dungeon Crawl Stone Soup version 0.30-a0-583-g19bae12e61 (webtiles) character file.

Game seed: 12787193338306367200

20 Citaku the Trooper (level 2, -3/20 HPs)
             Began as a Gargoyle Monk on Jan 1, 2023.
             Slain by a goblin
             ... wielding a +2 dagger of flaming
              (5 damage)
             ... on level 1 of the Dungeon.
             The game lasted 00:01:42 (495 turns).

Citaku the Trooper (Gargoyle Monk)                   Turns: 495, Time: 00:01:43

Health: -3/20      AC:  5    Str: 14    XL:     2   Next: 79%
Magic:  2/2        EV:  9    Int: 10    God:
Gold:   15         SH:  0    Dex: 12    Spells: 1/1 levels left

rFire   . . .      SeeInvis .    a - +0 mace
rCold   . . .      Faith    .    (no shield)
rNeg    + . .      Spirit   .    b - +0 robe
rPois   ∞          Reflect  .    (no helmet)
rElec   +          Harm     .    (no cloak)
rCorr   .          Rampage  .    g - +0 pair of gloves
Will    .....                    (no boots)
Stlth   ++                       e - amulet of regeneration
HPRegen 1.03/turn                (no ring)
MPRegen 0.08/turn                (no ring)

@: constricted
A: sickness immunity, AC +2, negative energy resistance 1, electricity
resistance, torment resistance 1, petrification resistance
a: no special abilities


You were on level 1 of the Dungeon.
You visited 1 branch of the dungeon, and saw 1 of its levels.

You collected 15 gold pieces.

Inventory:

Hand Weapons
 a - a +0 mace (weapon)
Armour
 b - a +0 robe (worn)
 g - a +0 pair of gloves (worn)
Jewellery
 e - an amulet of regeneration (around neck)
Potions
 c - a potion of ambrosia
 d - a potion of curing


   Skills:
 + Level 3.7 Fighting
 + Level 3.4 Maces & Flails
 + Level 2.6 Dodging
 + Level 2.2 Stealth


You had one spell level left.
You didn't know any spells.
Your spell library contained the following spells:

 Spells                   Type           Power      Damage    Failure   Level
 Static Discharge         Conj/Air       0%         2-2/arc   50%         2
 Vhi's Electric Charge    Tloc/Air       0%         N/A       75%         3
 Petrify                  Tmut/Erth      0%         N/A       98%         4
 Arcjolt                  Conj/Air       0%         1d10      100%        5
 Lightning Bolt           Conj/Air       0%         1d11      100%        5
 Metabolic Englaciation   Hex/Ice        0%         N/A       100%        5
 Statue Form              Tmut/Erth      Unusable   N/A       N/A         6

Dungeon Overview and Level Annotations

Branches:
Dungeon (1/15)

Altars:


Innate Abilities, Weirdness & Mutations

You are immune to sickness and miasma.
Your stone body is resilient. (AC +2)
You are immune to poison.
You resist negative energy. (rN+)
You are resistant to electric shocks. (rElec)
You are resistant to unholy torment.
You are immune to petrification.


Message History

You barely miss the goblin. The ball python closely misses you.
The ball python constricts you. The goblin closely misses you.
The goblin hits you with a +0 club.
You hit the goblin.
You kill the goblin!
The ball python bites you but does no damage.
The ball python constricts you.
The goblin hits you with a +2 dagger of flaming.
The goblin burns you.
The ball python bites you but does no damage.
The ball python constricts you.
The goblin hits you with a +2 dagger of flaming.
The goblin burns you.
* * * LOW HITPOINT WARNING * * *
You escape the ball python's grasp.
The ball python bites you.
* * * LOW HITPOINT WARNING * * *
The ball python grabs you. The ball python constricts you.
The goblin barely misses you.
You see here a +0 club.
You hit the ball python.
The ball python is severely wounded.
The ball python barely misses you. The ball python constricts you.
The goblin hits you with a +2 dagger of flaming.
* * * LOW HITPOINT WARNING * * *
The goblin burns you.
* * * LOW HITPOINT WARNING * * *
You barely miss the ball python.
The ball python is severely wounded.
The ball python bites you but does no damage.
The ball python constricts you.
The goblin hits you with a +2 dagger of flaming.
* * * LOW HITPOINT WARNING * * *
The goblin burns you.
* * * LOW HITPOINT WARNING * * *
The ball python closely misses you. The ball python constricts you.
As you read the scroll labelled SANAMO SIRA, it crumbles to dust.
It is a scroll of identify.
d - a potion of curing The goblin hits you with a +2 dagger of flaming.
You die...

#.# ####.### ##..##
#...# #P~...#
########.#.# .PP~~.~
.........#.# P~~~~P
#######..#.# ~≈≈~P###
#..#.### ♣♣~~..##
#..#.... ♣~~~Pg.#
#..####.
♣P♣♣~~S@#########..#
##
≈~PPPP♣~~...>........#
♣PP.~P~♣.~#########.##
~PP.#.~~P~# #.# .P#
#..~~~~# #.# ~
##~~♣P.# ..# #PP~P~.
#.# #..~PP.# ...
##~~~~.. +##


You could see a goblin and a ball python.

Vanquished Creatures
  3 ball pythons (D:1)
  2 goblins (D:1)
  5 hobgoblins (D:1)
  3 kobolds (D:1)
  A quokka (D:1)
  3 rats (D:1)
17 creatures vanquished.

Vanquished Creatures (others)
  4 plants (D:1)
4 creatures vanquished.

Grand Total: 21 creatures vanquished

Notes
Turn   | Place    | Note
-------+----------+-------------------------------------------
     0 | D:1      | Citaku the Gargoyle Monk began the quest for the Orb.
     0 | D:1      | Reached XP level 1. HP: 14/14 MP: 1/1
   123 | D:1      | Reached XP level 2. HP: 19/19 MP: 2/2
   157 | D:1      | Found a faded altar of an unknown god.
   494 | D:1      | HP: 1/20 [goblin/+2 dagger of flaming (2)]
   495 | D:1      | Slain by a goblin

Illustrated notes

Levels and vault maps discovered:
D:1:      lightli_iron_boxes, layout_basic,
          shapermc_ecumenical_altar_notcrosses, nrook_campfire, minivault_25,
          serial_bayou_lagoon_a, minivault_24, minivault_14

Action                   || total
-------------------------++-------
Melee: Mace              ||    47
  Use: Scroll            ||     1
 Stab: Sleeping          ||     1
Armor: Robe              ||    23
Dodge: Dodged            ||    65

Table legend: (Time is in decaauts)
 A = Elapsed time spent in this place.
 B = Non-inter-level travel time spent in this place.
 C = Inter-level travel time spent in this place.
 D = Time resting spent in this place.
 E = Time spent auto-exploring this place.
 F = Levels seen in this place.
 G = Mean time per level.
                   A        B        C        D        E       F      G
               +--------+--------+--------+--------+--------+-----+--------+
         Total |    509 |    509 |      0 |      0 |    261 |   1 |  509.0 |
       Dungeon |    509 |    509 |      0 |      0 |    261 |   1 |  509.0 |
               +--------+--------+--------+--------+--------+-----+--------+

Top non-repeatable levels by time:
     D:1: 509 daAuts
